 Dungeon Crawl Stone Soup version 0.31-a0-202-g547052bce9 (webtiles) character file.

Game seed: 6804305584164776710

128 qw the Skirmisher (level 4, 0/25 HPs)
             Began as a Deep Elf Hunter on June 26, 2023.
             Slain by Sigmund
             ... wielding a +0 scythe
              (10 damage)
             ... on level 3 of the Dungeon.
             The game lasted 00:00:43 (2282 turns).

qw the Skirmisher (Deep Elf Hunter)                 Turns: 2282, Time: 00:00:43

Health: 0/25       AC:  5    Str: 10    XL:     4   Next: 86%
Magic:  6/6        EV: 11    Int: 14    God:
Gold:   131        SH:  0    Dex: 18    Spells: 3/3 levels left

rFire   . . .        Y - +0 shortbow
rCold   + . .        (shield currently unavailable)
rNeg    . . .        e - +0 ring mail
rPois   .            (no helmet)
rElec   .            (no cloak)
rCorr   .            (no gloves)
SInv    .            (no boots)
Will    .....        (no amulet)
Stlth   +            j - ring of protection from cold
HPRegen 0.24/turn    (no ring)
MPRegen 0.10/turn

%: no passive effects
@: no status effects
A: no striking features
a: no special abilities


You were on level 3 of the Dungeon.
You visited 1 branch of the dungeon, and saw 3 of its levels.

You collected 131 gold pieces.


   Skills:
 - Level 1.5 Fighting
 + Level 8.3 Ranged Weapons
 - Level 2.4 Dodging
 - Level 1.2 Stealth


You had 3 spell levels left.
You didn't know any spells.
Your spell library was empty.

Inventory:

Hand Weapons
 Y - a +0 shortbow (weapon)
Armour
 e - a +0 ring mail (worn)
Jewellery
 j - a ring of protection from cold (left hand)
Potions
 b - a potion of experience {unknown}
 f - a potion of attraction {unknown}
 g - a potion of curing {unknown}
 h - a potion of resistance {unknown}

Dungeon Overview and Level Annotations

Branches:
Dungeon (3/15)

Altars:

Annotations:
D:3 Sigmund


Message History

You shoot an arrow. The arrow closely misses Sigmund.
Sigmund barely misses you.
You shoot an arrow. The arrow hits Sigmund.
Sigmund is severely wounded.
Sigmund drinks a potion.
Sigmund seems to speed up.
You shoot an arrow. The arrow hits the ball python.
You kill the ball python!
Sigmund barely misses you.
You shoot an arrow. The arrow barely misses Sigmund.
Sigmund barely misses you.
Sigmund smiles chillingly.
Sigmund gestures at you while chanting.
You are confused.
Sigmund misses you. Sigmund gestures at you while chanting.
The puff of flame hits you!
Sigmund hits you from afar with a +0 scythe!
Enter note: Sigmund barely misses you.
You feel less confused.
Sigmund points at you and mumbles some strange words.
The magic dart hits you. Sigmund gestures at you while chanting.
The puff of flame hits you!
2276 ||| DRINKING potion of heal wounds.
You feel much better. Sigmund hits you but does no damage.
Sigmund barely misses you.
You shoot an arrow. The arrow hits Sigmund.
Sigmund is severely wounded.
Sigmund casts a spell.
Sigmund flickers and vanishes!
Deactivating autopickup; reactivate with Ctrl-A.
You shoot an arrow. Something hits you!
You shoot an arrow. Something hits you.
You shoot an arrow. Something hits you!
You die...

#.........#######.#.#
#######.............#
###########.### #.#
#.# #.# #.#
##########.#
#.{.@......#
#'########## ...
..... ..[.... .......
....... .......


There were no monsters in sight!

Vanquished Creatures
  A hound (D:3)
  4 adders (D:2)
  2 dart slugs
  4 orcs (D:3)
  6 ball pythons
  An endoplasm (D:2)
  2 giant cockroaches (D:2)
  6 hobgoblins
  6 jackals
  4 quokkas
  2 bats
  4 frilled lizards
  2 goblins (D:1)
  5 kobolds
  3 rats
52 creatures vanquished.

Notes
Turn   | Place    | Note
-------+----------+-------------------------------------------
     0 | D:1      | qw the Deep Elf Hunter began the quest for the Orb.
     0 | D:1      | Reached XP level 1. HP: 12/12 MP: 3/3
     0 | D:1      | 0 ||| qw: Version: 0.3-a-22-g0ed2b0b
     0 | D:1      | 0 ||| qw: Game counter: 6112
     0 | D:1      | 0 ||| qw: Melee chars always use a shield: true
     0 | D:1      | 0 ||| qw: God list: Okawaru
     0 | D:1      | 0 ||| qw: Allow faded altars: false
     0 | D:1      | 0 ||| qw: Do Orc after clearing Dungeon:15 true
     0 | D:1      | 0 ||| qw: Do second Lair branch before Depths: true
     0 | D:1      | 0 ||| qw: Lair rune preference: random
     0 | D:1      | 0 ||| qw: Goals: Normal
     0 | D:1      | 0 ||| PLANNING D:1-11
   270 | D:1      | Reached skill level 6 in Ranged Weapons
   270 | D:1      | Reached XP level 2. HP: 16/16 MP: 4/4
   740 | D:1      | Found a faded altar of an unknown god.
   836 | D:1      | 836 ||| UPGRADING to +0 ring mail.
   846 | D:1      | 846 ||| DROPPING +0 leather armour.
   847 | D:1      | 847 ||| UPGRADING to ring of protection from cold.
   848 | D:1      | 848 ||| READING scroll labelled QOXIESI ARIKK.
   849 | D:1      | 849 ||| READING scroll labelled TOACVI DOARRINA.
   950 | D:1      | 950 ||| DROPPING scroll of butterflies.
  1014 | D:2      | Reached XP level 3. HP: 20/20 MP: 5/5
  1120 | D:2      | Reached skill level 7 in Ranged Weapons
  1275 | D:2      | 1275 ||| FLEEEEING.
  1276 | D:2      | 1276 ||| FLEEEEING.
  1277 | D:2      | 1277 ||| FLEEEEING.
  1439 | D:2      | Reached XP level 4. HP: 25/25 MP: 6/6
  1721 | D:2      | 1721 ||| READING scroll labelled QUEFAS ZOTT.
  1722 | D:2      | 1722 ||| READING scroll labelled LESTRE RARI.
  1858 | D:3      | Reached skill level 8 in Ranged Weapons
  1909 | D:3      | 1909 ||| READING scroll labelled IBRIAPT WI QOEN.
  2106 | D:3      | 2106 ||| READING scroll labelled CEL ZIRIHACO.
  2107 | D:3      | 2107 ||| DRINKING 2 glowing orange potions.
  2261 | D:3      | Noticed Sigmund
  2275 | D:3      | HP: 2/25 [Sigmund/puff of flame (8)]
  2276 | D:3      | 2276 ||| DRINKING potion of heal wounds.
  2282 | D:3      | Slain by Sigmund

Levels and vault maps discovered:
D:1:      dpeg_arrival_rhombus, layout_loops_corners,
          ebering_ecumenical_altar_petrified, minmay_bisected
D:2:      layout_loops_ring, kennysheep_small_spiral, hangedman_feature_mirror
D:3:      layout_basic, uniq_sigmund

Skill      XL: |  1  2  3  4 |
---------------+-------------+-----
Ranged Weapons | 6 7 8 |  8.3
Fighting       | |  1.5
Dodging        | |  2.4
Stealth        | |  1.2

Action                     |  1- 3 |  4- 6 || total
---------------------------+-------+-------++-------
   Fire: Shortbow          |    94 |    62 ||   156
    Use: Scroll            |     2 |     4 ||     6
         Potion            |       |     2 ||     2
 Armour: Leather armour    |     2 |       ||     2
         Ring mail         |    14 |    11 ||    25
  Dodge: Dodged            |    19 |    20 ||    39

Table legend:
 A = Non-vault XP
 B = Vault XP
 C = Vault XP percentage of total XP
 D = Non-vault monster count
 E = Vault monster count
 F = Vault count percentage of total count
                 A         B        C        D         E       F
            +---------+---------+-------+---------+---------+-------
      Total |     166 |      17 |   9.3 |      49 |       3 |   5.8
            +---------+---------+-------+---------+---------+-------
        D:1 |      25 |       2 |   7.4 |      16 |       1 |   5.9
        D:2 |      76 |      15 |  16.5 |      23 |       2 |   8.0
        D:3 |      65 |       0 |   0.0 |      10 |       0 |   0.0
            +---------+---------+-------+---------+---------+-------
